Map: Orbital Shipyard

Players

MorN - Winner!

  • Race: Terran Terran
  • League: Master

Proxy

  • Race: Zerg Zerg
  • League: Diamond

VOD

Have the link to the VOD?

Description

Time

  • Played on: Nov. 21, 2015, 10:33 p.m.
  • Length: 13:07
Show
View Real Time Build Order
Export as new Build Order

MorN Terran - Winner!

Build Orders: Liberator Opening, Reaper Expand, MMM Bio 

Get SALT Encoding   

  12  0:00  SCV  
  13  0:12  SCV  
  14  0:17  Supply Depot  
  14  0:24  SCV  
  15  0:39  SCV  
  15  0:40  Barracks  
  16  0:46  Refinery  
  16  0:51  SCV  
  17  1:03  SCV  
  18  1:15  SCV  
  19  1:29  Orbital Command  
  19  1:30  Reaper  
  20  1:40  Command Center  
  20  1:52  Supply Depot  
  20  1:55  SCV  
  21  2:02  Reaper  
  21  2:07  SCV  
  23  2:19  SCV  
  24  2:26  Factory  
  24  2:44  SCV  
  24  2:45  Command Center, Refinery  
  24  2:46  Barracks Reactor  
  25  2:53  Orbital Command  
  25  2:57  SCV  
  26  3:09  SCV  
  26  3:20  Starport  
  26  3:21  SCV  
  26  3:23  SCV  
  28  3:33  SCV  
  29  3:35  SCV, Hellion x2  
  29  3:39  Barracks Tech Lab  
  34  3:45  SCV, Liberator  
  34  3:47  SCV  
  36  3:56  Hellion x2  
  36  3:57  SCV  
  36  4:02  Orbital Command  
  44  4:07  SCV  
  44  4:09  SCV  
  46  4:10  Marine  
  46  4:15  Stimpack  
  47  4:18  Hellion x2  
  47  4:22  SCV x2, Supply Depot  
  53  4:28  SCV  
  53  4:30  Refinery  
  54  4:32  Refinery  
  54  4:33  Engineering Bay  
  54  4:35  Engineering Bay  
  54  4:36  SCV  
  55  4:42  SCV  
  56  4:50  Factory Reactor  
  56  4:56  SCV  
  56  4:57  SCV, Barracks  
  56  4:58  Barracks  
  58  5:01  SCV, Starport Reactor  
  58  5:05  Orbital Command  
  59  5:08  Terran Infantry Weapons Level 1, Terran Infantry Armor Level 1  
  59  5:09  SCV  
  59  5:13  Supply Depot  
  60  5:22  SCV x2  
  60  5:25  Supply Depot  
  62  5:29  Barracks  
  62  5:31  SCV  
  62  5:32  Barracks  
  63  5:41  Medivac x2  
  65  5:45  Factory Reactor, Marauder  
  67  5:51  Marine x2  
  69  6:02  Marine x2  
  71  6:04  SCV  
  71  6:05  Marine  
  71  6:06  Supply Depot, SCV x2  
  71  6:07  Armory  
  71  6:09  Marine x2  
  77  6:16  SCV, Medivac x2  
  77  6:18  Barracks Tech Lab  
  82  6:19  SCV  
  82  6:21  SCV  
  81  6:28  Barracks Reactor, SCV  
  81  6:29  Barracks Reactor, Marine x3  
  81  6:30  Marine  
  81  6:31  SCV  
  87  6:33  SCV  
  87  6:35  Marine  
  87  6:39  Supply Depot  
  89  6:40  Supply Depot, SCV  
  89  6:43  SCV, Liberator x2  
  89  6:44  Supply Depot  
  89  6:46  SCV  
  92  6:47  Marine  
  93  6:59  Marine  
  93  7:00  Marine  
  93  7:01  SCV  
  93  7:10  Marine x2  
  93  7:11  Marauder, Marine  
  84  7:26  Marine  
  84  7:27  Widow Mine x2, Marine x3  
  86  7:33  Orbital Command, Marauder  
  81  7:43  Medivac x2  
  73  7:53  Marine x2  
  73  7:54  Marauder  
  73  7:56  Marine x4  
  73  7:57  Terran Infantry Weapons Level 2, Marine x2  
  73  7:58  Terran Infantry Armor Level 2  
  83  8:01  SCV x2  
  83  8:02  Barracks  
  83  8:03  Barracks  
  83  8:04  Barracks  
  85  8:06  SCV  
  85  8:11  Marine x2  
  88  8:14  Marine x5  
  88  8:15  Marauder  
  88  8:16  Marine  
  96  8:25  SCV  
  97  8:28  SCV x2  
  97  8:29  Marine x2  
  97  8:32  Marine x3  
  97  8:33  Marine x2  
  106  8:36  Marine  
  106  8:37  Marauder  
  106  8:39  Combat Shields  
  109  8:47  Marine  
  107  8:53  Marine x5  
  98  8:56  Marine x2  
  98  8:58  Marauder  
  105  9:04  Marine  
  105  9:07  Barracks Reactor, Barracks Tech Lab x2, Liberator  
  105  9:08  SCV x2  
  105  9:11  Refinery  
  105  9:13  Refinery, Marine  
  105  9:14  Marine x4  
  110  9:18  Supply Depot  
  110  9:19  SCV, Marauder  
  110  9:20  SCV  
  110  9:22  Liberator  
  117  9:37  Supply Depot  
  117  9:38  Supply Depot  
  117  9:39  Marine x2  
  117  9:40  Marauder, Marine  
  117  9:44  Supply Depot  
  125  9:45  Marine x2  
  125  9:46  Marauder x2  
  129  9:55  Marine x2  
  129  9:56  Widow Mine, Marine  
  129  9:58  Widow Mine  
  134  10:00  Marine x2  
  134  10:01  Marauder  
  136  10:07  Marauder x2  
  136  10:12  Marine x2  
  139  10:16  Marine x2  
  139  10:17  Marine x4  
  134  10:22  Marine x2  
  134  10:23  Marauder  
  134  10:25  Widow Mine  
  134  10:27  Widow Mine  
  139  10:29  Marine x2, Marauder x2  
  136  10:41  Command Center, Marine x2  
  138  10:47  Marine x3  
  143  10:50  Marauder  
  143  10:54  Widow Mine  
  143  10:55  SCV x2, Widow Mine  
  149  10:59  Marine  
  149  11:02  Marine  
  149  11:03  Marauder  
  153  11:06  Medivac x2  
  157  11:20  Supply Depot  
  157  11:22  Supply Depot  
  157  11:24  Supply Depot  
  157  11:25  Supply Depot  
  157  11:27  Liberator x2  
  157  11:42  Marauder x2, Marine x4  
  157  11:44  Marine x2  
  157  11:45  Marauder, Marine x2  
  176  12:04  Marine, Marauder x2  
  176  12:07  Marauder  
  183  12:13  Marine x2  
  176  12:17  Marine  
  176  12:18  Marine  
  176  12:22  Marine  
  178  12:25  Marauder x2  
  178  12:28  Marauder  
  182  12:30  Marine  
  172  12:37  Marine  
  172  12:38  Marine  
  172  12:41  Marine  
  172  12:42  Marine x2  
  173  12:46  Marauder x2  
  173  12:47  Marine x2  
Show
View Real Time Build Order
Export as new Build Order

Proxy Zerg 

Build Orders: Hatch First 

Get SALT Encoding   

  12  0:01  Drone  
  13  0:12  Overlord  
  13  0:17  Drone  
  14  0:30  Drone x2  
  16  0:36  Drone  
  17  0:53  Hatchery  
  17  0:55  Drone  
  17  1:09  Spawning Pool  
  17  1:10  Drone  
  17  1:14  Extractor  
  17  1:15  Drone  
  17  1:19  Drone  
  18  1:29  Drone  
  19  1:39  Overlord  
  19  1:55  Queen  
  19  1:58  Zergling x2  
  19  2:00  Zergling x2  
  23  2:04  Queen  
  23  2:06  Drone  
  26  2:13  Drone  
  26  2:15  Metabolic Boost  
  27  2:22  Drone  
  28  2:25  Drone  
  29  2:31  Queen  
  31  2:39  Drone  
  31  2:40  Drone x2  
  34  2:47  Drone  
  34  2:48  Overlord  
  35  2:58  Lair  
  35  3:00  Extractor  
  35  3:02  Extractor  
  33  3:14  Drone x6  
  33  3:19  Roach Warren, Drone  
  39  3:31  Drone  
  40  3:45  Drone  
  40  3:46  Spine Crawler  
  40  3:51  Hatchery  
  39  4:02  Drone x4  
  43  4:03  Drone  
  43  4:04  Evolution Chamber  
  43  4:05  Evolution Chamber  
  42  4:13  Roach  
  42  4:15  Overlord  
  44  4:29  Zerg Missile Weapons Level 1  
  44  4:31  Zerg Ground Armor Level 1  
  44  4:36  Drone x3  
  44  4:37  Drone  
  48  4:39  Drone x2  
  48  4:45  Roach  
  52  4:49  Overlord  
  52  4:52  Glial Reconstitution  
  52  5:01  Overlord  
  52  5:05  Overlord  
  52  5:09  Roach x4  
  60  5:21  Roach x2  
  60  5:22  Roach x3  
  60  5:28  Roach x3  
  68  5:53  Spore Crawler  
  68  5:54  Spore Crawler  
  63  6:02  Drone x2  
  65  6:05  Queen  
  67  6:12  Roach x6  
  78  6:28  Ravager x3  
  78  6:29  Ravager  
  78  6:30  Overlord  
  82  6:40  Overlord  
  82  6:44  Overlord  
  82  6:50  Drone  
  82  6:51  Drone x7  
  84  7:15  Drone x3  
  84  7:26  Drone x5  
  84  7:27  Drone x7  
  96  7:31  Extractor  
  96  7:32  Spore Crawler  
  83  7:44  Zerg Ground Armor Level 2, Zerg Missile Weapons Level 2  
  83  7:46  Drone x2  
  83  7:48  Hydralisk Den, Extractor  
  79  7:56  Drone x2  
  79  7:59  Extractor  
  79  8:02  Ravager x3  
  79  8:03  Overlord  
  79  8:05  Drone x2  
  83  8:13  Overlord  
  83  8:14  Ravager x3  
  83  8:17  Hatchery  
  83  8:19  Drone  
  88  8:20  Drone x2  
  90  8:30  Muscular Augments  
  90  8:40  Hydralisk x2  
  90  8:41  Roach x2  
  95  8:52  Hydralisk x4, Roach  
  95  8:53  Roach x3  
  98  8:57  Hydralisk  
  98  8:58  Roach x2  
  94  9:11  Overseer  
  94  9:12  Pneumatized Carapace  
  94  9:17  Spore Crawler, Hydralisk x2  
  94  9:18  Roach x3  
  94  9:20  Spore Crawler  
  94  9:21  Overseer  
  102  9:27  Spore Crawler  
  102  9:29  Spore Crawler  
  100  9:32  Hydralisk  
  100  9:33  Roach x3  
  108  9:41  Hydralisk  
  108  9:42  Hydralisk, Roach x2  
  116  9:54  Hydralisk  
  116  9:55  Roach  
  104  10:21  Ravager x3  
  104  10:25  Hydralisk x2  
  104  10:26  Roach x2  
  110  10:31  Ravager x3  
  107  10:36  Drone  
  107  10:37  Drone x10  
  107  10:38  Overlord  
  107  10:41  Extractor  
  117  10:45  Queen  
  117  10:48  Overlord  
  119  10:55  Drone  
  119  10:56  Overlord, Extractor  
  119  10:57  Extractor  
  119  11:01  Drone x2  
  119  11:02  Spore Crawler  
  119  11:03  Spore Crawler  
  118  11:05  Overseer  
  118  11:06  Drone x2  
  118  11:08  Overlord  
  118  11:09  Spore Crawler  
  118  11:10  Lurker Den  
  119  11:14  Hydralisk x4  
  119  11:15  Roach x4  
  135  11:20  Queen  
  135  11:24  Spore Crawler  
  136  11:32  Infestation Pit  
  135  11:33  Overseer  
  135  11:35  Drone  
  135  11:36  Overlord  
  136  11:44  Hydralisk x2  
  136  11:45  Hydralisk, Roach x4  
  150  11:48  Overlord  
  150  11:49  Overlord  
  150  11:56  Drone x3  
  137  12:17  Hydralisk x2  
  137  12:18  Hydralisk x2, Roach x5  
  144  12:27  Hydralisk x2  
  144  12:28  Roach x2  
  122  12:39  Hydralisk x2  
  122  12:40  Roach x4  
  117  12:47  Roach  
  117  12:50  Ravager x3  
  102  13:02  Ravager  
Tags
 
Add a new tag
Caveats
  • Supply blocks, unpowered buildings, or Contaminate may cause inaccurate times.
  • Supply counts are checked every 10 seconds.